 Dungeon Crawl Stone Soup version 0.21.1-1-g345015f (webtiles) character file.

224 Fang the Skirmisher (level 6, -8/60 HPs)
             Began as a Gargoyle Berserker on June 14, 2018.
             Was a Believer of Trog.
             Mangled by an ogre
             ... wielding a cursed -2 giant club
              (17 damage)
             ... on level 4 of the Dungeon.
             The game lasted 00:02:47 (3458 turns).

Fang the Skirmisher (Gargoyle Berserker)            Turns: 3458, Time: 00:02:49

Health: -8/60      AC:  6    Str: 27    XL:     6   Next: 0%
Magic:  6/6        EV: 12    Int:  8    God:    Trog [**....]
Gold:   105        SH:  0    Dex:  9    Spells: 5/5 levels left

rFire    . . .     SeeInvis .   a - +0 hand axe
rCold    . . .     Gourm    .   (no shield)
rNeg     + . .     Faith    .   b - +0 animal skin
rPois    ∞         Spirit   .   (no helmet)
rElec    +         Reflect  .   (no cloak)
rCorr    .         Harm     .   (no gloves)
MR       .....                  (no boots)
Stlth    ..........             (no amulet)
HPRegen  0.20/turn              (no ring)
MPRegen  0.10/turn              (no ring)

@: berserking, very quick
A: negative energy resistance 1, electricity resistance, unbreathing,
petrification resistance, rot immunity, AC +4
a: Berserk, Trog's Hand, Burn Spellbooks, Renounce Religion


You were on level 4 of the Dungeon.
You worshipped Trog.
Trog was pleased with you.
You were not hungry.

You visited 1 branch of the dungeon, and saw 4 of its levels.

You collected 105 gold pieces.

Inventory:

Hand Weapons
 a - a +0 hand axe (weapon)
Armour
 b - a +0 animal skin (worn)
Jewellery
 j - an uncursed ring of protection from fire {unknown}
Scrolls
 h - 2 scrolls of fear {unknown}
 k - 2 scrolls of remove curse {unknown}
 m - 2 scrolls of amnesia {unknown}
 n - 2 scrolls of magic mapping {unknown}
 o - a scroll of teleportation {unknown}
 q - a scroll of random uselessness {unknown}
 r - a scroll of blinking {unknown}
 s - a scroll of enchant weapon {unknown}
 t - a scroll of identify {unknown}
Potions
 d - a potion of might {unknown}
 e - 2 potions of curing {unknown}
 f - 2 potions of cancellation {unknown}
 g - a potion of mutation {unknown}
 i - a potion of brilliance {unknown}
 l - a potion of agility {unknown}
 p - a potion of flight {unknown}
 u - 2 potions of degeneration {unknown}
Comestibles
 c - 4 rations
 v - 6 chunks of flesh


   Skills:
 + Level 4.8 Fighting
 + Level 4.4 Axes
 + Level 2.5 Armour
 + Level 2.3 Dodging
 + Level 0.4 Stealth


You had 5 spell levels left.
You didn't know any spells.

Dungeon Overview and Level Annotations

Branches:
Dungeon (4/15)
 Temple: D:4-7

Altars:
Okawaru
Sif Muna
Trog


Innate Abilities, Weirdness & Mutations

You are resistant to torment.
Your stone body is resilient. (AC +4)
You are immune to poison.
You resist negative energy. (rN+)
You are resistant to electric shocks. (rElec)
You can survive without breathing.
You are immune to petrification.
You are immune to rotting.


Message History

The jackal pauses to sniff the ground.
The jackal bites you. The ogre hits you with a giant club!
* * * LOW HITPOINT WARNING * * *
The giant cockroach bites you but does no damage.
You hit the ogre.
The ogre is moderately wounded.
You hit the giant cockroach.
You kill the giant cockroach!
Trog accepts your kill.
You hit the orc.
You kill the orc!
Trog accepts your kill.
You have reached level 6!
Your experience leads to an increase in your attributes!
Your base attributes are Str 21, Int 8, Dex 9.
Increase (S)trength, (I)ntelligence, or (D)exterity?
You feel stronger.
You completely miss the jackal. The jackal barely misses you.
The ogre hits you with a giant club!
You die...

#.############.#
#.#<#....._##..#
#...'..)...##.##
#...#....._##.#
#############[#
#.# ###.##.#####
#..........#####
#.......@)......
#..##.##SOh..##.#
#. #.# ##.#.##
#!. .###.. ## #
##. .# .


You could see an ogre, an adder and a jackal.

Vanquished Creatures
  A hound (D:4)
  2 orc wizards
  3 adders
  An ooze (D:2)
  3 worms (D:2)
  4 dart slugs
  3 leopard geckos
  9 orcs
  A ball python (D:3)
  6 giant cockroaches
  8 hobgoblins
  5 kobolds
  4 quokkas
  7 bats
  3 frilled lizards
  9 goblins
  9 rats
78 creatures vanquished.

Notes
Turn   | Place    | Note
-------+----------+-------------------------------------------
     0 | D:1      | Fang the Gargoyle Berserker began the quest for the Orb.
     0 | D:1      | Reached XP level 1. HP: 14/14 MP: 1/1
   223 | D:1      | Reached XP level 2. HP: 17/19 MP: 2/2
   742 | D:2      | Reached XP level 3. HP: 24/24 MP: 3/3
   897 | D:2      | Reached ** piety under Trog
  1031 | D:2      | HP: 1/24 [worm (10)]
  1204 | D:2      | Reached XP level 4. HP: 7/29 MP: 4/4
  2076 | D:2      | Found a deep blue altar of Sif Muna.
  2414 | D:3      | Reached XP level 5. HP: 24/34 MP: 5/5
  3396 | D:4      | Found an iron altar of Okawaru.
  3396 | D:4      | Found a bloodstained altar of Trog.
  3452 | D:4      | Noticed an ogre
  3458 | D:4      | Reached XP level 6. HP: 9/40 MP: 6/6
  3458 | D:4      | Mangled by an ogre

Skill      XL: |  1  2  3  4  5 |
---------------+----------------+-----
Axes           | 3 4 |  4.4
Fighting       | 4 |  4.8
Dodging        | 2 |  2.3
Armour         | |  2.5
Stealth        | |  0.4

Action                   |  1- 3 |  4- 6 || total
-------------------------+-------+-------++-------
Melee: Hand axe          |   118 |   195 ||   313
Invok: Berserk           |     1 |     3 ||     4
  Eat: Chunk             |       |     8 ||     8
       Ration            |       |     1 ||     1
Armor: Animal skin       |    42 |    76 ||   118
Dodge: Dodged            |    72 |   130 ||   202
